 Dungeon Crawl Stone Soup version 0.27-a0-1196-g3e9cee4cb2 (webtiles) character file.

Game seed: 13807665857113957606

1 quinnr the Digger (level 1, -1/11 HPs)
             Began as an Octopode Earth Elementalist on May 28, 2021.
             Frozen to death by an endoplasm (3 damage)
             ... on level 1 of the Dungeon.
             The game lasted 00:01:45 (63 turns).

quinnr the Digger (Octopode Earth Elementalist)       Turns: 63, Time: 00:01:46

Health: -1/11      AC:  1    Str:  7    XL:     1   Next: 20%
Magic:  3/3        EV: 13    Int: 17    God:
Gold:   6          SH:  0    Dex: 12    Spells: 3/4 levels left

rFire    . . .     SeeInvis .   (no weapon)
rCold    . . .     Faith    .   (no shield)
rNeg     . . .     Spirit   .   (helmet restricted)
rPois    .         Reflect  .   (no amulet)
rElec    .         Harm     .   (no ring)
rCorr    .         Rampage  .   (no ring)
Will     .....                  (no ring)
Stlth    +++.......             (no ring)
HPRegen  0.03/turn              (no ring)
MPRegen  0.08/turn              (no ring)
                                (no ring)
                                (no ring)

@: no status effects
A: almost no armour, amphibious, 8 rings, camouflage 1, gelatinous body 1,
(nimble swimmer 1), tentacles
a: no special abilities


You were on level 1 of the Dungeon.
You visited 1 branch of the dungeon, and saw 1 of its levels.

You collected 6 gold pieces.

Inventory:

Missiles
 b - 30 stones
Scrolls
 c - a scroll of blinking {unknown}
Potions
 a - a potion of attraction {unknown}


   Skills:
 + Level 0.2 Fighting
 - Level 2.0 Dodging
 - Level 2.6 Stealth
 + Level 0.0 Unarmed Combat
 - Level 2.0 Spellcasting
 - Level 1.1 Transmutations
 - Level 3.0 Earth Magic


You had 3 spell levels left.
You knew the following spells:

 Your Spells              Type           Power      Damage    Failure   Level
a - Sandblast             Erth           22%        2d7       5%          1

Your spell library contained the following spells:

 Spells                   Type           Power      Damage    Failure   Level
 Passwall                 Tmut/Erth      6%         N/A       13%         2
 Stone Arrow              Conj/Erth      12%        3d7       30%         3
 Petrify                  Tmut/Erth      8%         N/A       63%         4
 Lee's Rapid Deconstruct  Erth           5%         3d7*      83%         5


Dungeon Overview and Level Annotations

Branches:
Dungeon (1/15)

Altars:


Innate Abilities, Weirdness & Mutations

You cannot wear most types of armour.
You are amphibious.
You can wear up to eight rings at the same time.
Your skin changes colour to match your surroundings (Stealth+).
Your rubbery body absorbs attacks. (AC +1, EV +1)
((You are camouflaged near water. (Stealth+)))
You have tentacles for arms and can constrict up to eight enemies at once.


Message History

Found an escape hatch in the floor.
An endoplasm comes into view.
An endoplasm is nearby!
A bat comes into view.
The helpless endoplasm fails to defend itself.
You tentacle-slap the endoplasm but do no damage.
You squeeze the endoplasm, but do no damage.
The endoplasm barely misses you.
You tentacle-slap the endoplasm but do no damage.
The endoplasm hits you but does no damage.
You tentacle-slap the endoplasm.
You squeeze the endoplasm, but do no damage.
The endoplasm is lightly wounded.
The endoplasm freezes you.
You are frozen.
You tentacle-slap the endoplasm but do no damage.
The endoplasm is lightly wounded.
The endoplasm misses you.
You tentacle-slap the endoplasm.
The endoplasm is moderately wounded.
The endoplasm closely misses you.
You tentacle-slap the endoplasm.
The endoplasm is heavily wounded.
The endoplasm hits you.
You tentacle-slap the endoplasm.
The endoplasm is severely wounded.
The endoplasm hits you.
You tentacle-slap the endoplasm but do no damage.
The endoplasm is severely wounded.
The endoplasm barely misses you.
You tentacle-slap the endoplasm but do no damage.
The endoplasm is severely wounded.
The endoplasm freezes you.
You are frozen.
* * * LOW HITPOINT WARNING * * *
You tentacle-slap the endoplasm.
The endoplasm is almost dead.
The endoplasm freezes you.
You are frozen.
You die...

#....#..# #....#..#
#....#..## #.
###....#b..#...
.............. .....#..
####..#.#......
........
......J.#.###.###......
#@..............
###.###.###...#
#..#.....#.###..#
#....>..........## #
..................#..#
###.###.#######......#
#. #.# #.###### #
##.#######.#8#8#8
...........#.....


You could see an endoplasm.

Vanquished Creatures
  A bat (D:1)
1 creature vanquished.

Notes
Turn   | Place    | Note
-------+----------+-------------------------------------------
     0 | D:1      | quinnr the Octopode Earth Elementalist began the quest for
                  | the Orb.
     0 | D:1      | Reached XP level 1. HP: 11/11 MP: 3/3
    31 | D:1      | quinnr: sandblast??
    31 | D:1      | beem: L1 Earth spell that consumes a stone for range 3
                  | single-target damage that maxes out at 2d20 damage at 50
                  | spellpower, but with damage reduction from enemy AC is
                  | applied three times. To-hit is 13+power/10. The {earth
                  | elementalist} starting spell, found in the {book of
                  | geomancy}.
    63 | D:1      | Frozen to death by an endoplasm

Illustrated notes

Levels and vault maps discovered:
D:1:      heliophobic_arrival_ceremonial_halls, layout_basic,
          basic_ecumenical_altar, serial_shops, nicolae_shop_crystal,
          minmay_pentomino_u4

Action                   || total
-------------------------++-------
Melee: Unarmed           ||    13
       Tentacles         ||     2
       Constrict         ||     1
 Stab: Sleeping          ||     1
Armor: Skin              ||     2
Dodge: Dodged            ||     9

Table legend: (Time is in decaauts)
 A = Elapsed time spent in this place.
 B = Non-inter-level travel time spent in this place.
 C = Inter-level travel time spent in this place.
 D = Time resting spent in this place.
 E = Time spent auto-exploring this place.
 F = Levels seen in this place.
 G = Mean time per level.
                   A        B        C        D        E       F      G
               +--------+--------+--------+--------+--------+-----+--------+
         Total |     63 |     63 |      0 |      0 |     36 |   1 |   63.0 |
       Dungeon |     63 |     63 |      0 |      0 |     36 |   1 |   63.0 |
               +--------+--------+--------+--------+--------+-----+--------+

Top non-repeatable levels by time:
     D:1: 63 daAuts
